Map: Nightshade LE

Players

SortOf - Winner!

  • Race: Zerg Zerg
  • Spawn Location: 5:00

Lambo

  • Race: Zerg Zerg
  • Spawn Location: 11:00

Event: StayAtHomestory Cup #1

VOD

Have the link to the VOD?

Description

Time

  • Played on: April 10, 2020, 1:57 p.m.
  • Length: 8:38

All games in this series

Show
View Real Time Build Order
Export as new Build Order

SortOf Zerg - Winner!

Build Orders: Hatch First 

Get SALT Encoding   

  12  0:00  Drone  
  13  0:12  Overlord  
  13  0:17  Drone  
  14  0:31  Drone x2  
  16  0:49  Hatchery  
  15  0:51  Drone  
  15  0:55  Drone  
  17  0:59  Drone  
  18  1:11  Extractor  
  17  1:13  Spawning Pool  
  17  1:16  Drone  
  17  1:20  Drone  
  18  1:29  Drone  
  19  1:38  Drone  
  20  1:50  Drone  
  21  2:00  Queen  
  21  2:01  Queen  
  23  2:03  Overlord  
  23  2:05  Drone  
  26  2:11  Drone x2  
  26  2:13  Metabolic Boost  
  28  2:23  Drone x2  
  30  2:32  Zergling x2  
  30  2:33  Zergling x2  
  32  2:38  Hatchery  
  31  2:47  Baneling Nest  
  31  2:49  Drone  
  31  2:50  Overlord  
  31  2:55  Drone x2  
  33  3:04  Queen  
  35  3:06  Drone  
  35  3:10  Drone x2  
  38  3:14  Drone  
  38  3:18  Evolution Chamber  
  38  3:19  Zergling x2  
  39  3:24  Drone x2  
  41  3:31  Overlord  
  41  3:33  Zergling x2  
  42  3:35  Zergling x2  
  42  3:36  Baneling x2  
  42  3:38  Zergling x2  
  44  3:45  Overlord  
  44  3:48  Zerg Ground Armor Level 1  
  43  3:51  Zergling x6  
  46  3:58  Drone x4  
  50  4:03  Overlord  
  50  4:06  Drone  
  50  4:08  Drone  
  52  4:13  Drone, Roach Warren  
  52  4:20  Extractor, Drone x3  
  52  4:21  Extractor  
  52  4:24  Drone x2  
  54  4:30  Overlord  
  54  4:32  Overlord  
  54  4:53  Roach x8  
  54  4:58  Roach  
  54  4:59  Roach  
  74  5:00  Overlord  
  74  5:03  Roach  
  76  5:07  Roach  
  76  5:08  Zergling x2  
  76  5:10  Drone  
  76  5:12  Spore Crawler  
  79  5:17  Roach x3  
  85  5:22  Overlord  
  85  5:26  Roach x3  
  91  5:32  Roach x2  
  91  5:34  Overlord  
  93  5:40  Zergling x8  
  97  5:43  Zergling x2  
  97  5:44  Baneling x2  
  97  5:50  Zergling x2, Ravager  
  97  5:53  Zergling x10  
  97  5:55  Zergling x2  
  105  6:00  Zergling x6  
  108  6:04  Zergling x2  
  108  6:08  Ravager  
  108  6:09  Zergling x4  
  100  6:24  Zergling x22  
  91  6:30  Zergling x6, Ravager  
  91  6:31  Zergling x2  
  89  6:34  Zergling x4  
  89  6:39  Roach x2  
  80  6:42  Roach  
  79  6:52  Lair  
  79  6:53  Drone x3  
  82  6:57  Roach  
  82  6:59  Drone  
  82  7:00  Drone  
  86  7:07  Drone x4  
  89  7:12  Roach  
  89  7:14  Roach x2  
  95  7:22  Roach  
  97  7:26  Extractor  
  97  7:27  Drone x3  
  97  7:28  Roach  
  101  7:30  Baneling  
  101  7:31  Baneling  
  101  7:34  Ravager  
  101  7:35  Ravager  
  101  7:36  Ravager  
  104  7:37  Overlord  
  104  7:38  Roach x4, Drone  
  113  7:46  Overlord  
  113  7:56  Overlord  
  113  7:59  Zergling x16  
  113  8:05  Overlord  
  121  8:06  Overlord  
  121  8:11  Roach x4  
  121  8:12  Overlord  
Show
View Real Time Build Order
Export as new Build Order

Lambo Zerg 

Build Orders: Hatch First 

Get SALT Encoding   

  12  0:01  Drone  
  13  0:13  Overlord  
  13  0:17  Drone  
  14  0:32  Drone x2  
  16  0:48  Hatchery  
  15  0:51  Drone  
  15  0:55  Drone  
  17  0:58  Drone  
  18  1:09  Extractor  
  17  1:13  Spawning Pool  
  17  1:17  Drone  
  17  1:20  Drone  
  18  1:29  Drone  
  19  1:40  Drone  
  20  1:52  Drone  
  21  2:00  Queen x2  
  21  2:01  Zergling x2, Overlord  
  26  2:09  Metabolic Boost  
  26  2:12  Drone x2  
  28  2:23  Drone  
  28  2:24  Drone  
  30  2:35  Hatchery  
  30  2:36  Drone  
  30  2:40  Drone  
  31  2:45  Drone  
  31  2:46  Overlord  
  32  2:54  Drone  
  32  2:55  Evolution Chamber  
  32  3:06  Drone x2  
  32  3:07  Drone, Roach Warren  
  32  3:12  Zergling x6  
  37  3:15  Zergling x2  
  37  3:18  Zergling x4  
  40  3:21  Zergling x2  
  41  3:27  Zerg Missile Weapons Level 1  
  41  3:31  Overlord  
  41  3:33  Drone  
  42  3:34  Drone  
  43  3:44  Overlord  
  43  3:46  Drone  
  43  3:47  Drone  
  45  3:49  Drone x2  
  45  3:53  Drone x2  
  45  3:54  Drone x2  
  50  4:02  Roach x2  
  53  4:06  Queen  
  55  4:10  Extractor, Overlord  
  55  4:12  Extractor  
  55  4:16  Drone  
  54  4:20  Overlord  
  54  4:22  Overlord  
  54  4:25  Roach  
  54  4:26  Roach x2  
  54  4:28  Roach  
  62  4:33  Roach x2  
  66  4:39  Roach x3  
  72  4:49  Drone x3  
  72  4:50  Overlord  
  75  4:52  Overlord  
  75  4:57  Roach x3  
  81  5:02  Roach  
  83  5:07  Roach  
  83  5:08  Roach  
  87  5:15  Roach x2  
  87  5:21  Roach x2  
  94  5:26  Overlord  
  94  5:30  Zergling x6, Roach x2  
  94  5:33  Overlord  
  94  5:35  Zergling x2  
  102  5:39  Zergling x2  
  102  5:42  Zergling x6  
  106  5:45  Zergling x6  
  108  5:50  Zergling x6  
  108  5:56  Ravager x3  
  113  6:00  Zergling x8  
  113  6:04  Zergling x2  
  116  6:05  Ravager  
  116  6:07  Zergling x2  
  116  6:08  Zergling x2  
  119  6:13  Zergling x6  
  105  6:19  Zergling x6  
  105  6:21  Zergling x2  
  105  6:25  Roach x2  
  98  6:29  Zergling x2, Roach  
  98  6:31  Roach  
  85  6:34  Roach  
  85  6:38  Roach  
  80  6:40  Roach  
  76  6:50  Roach x2  
  76  6:55  Roach  
  76  6:57  Roach  
  80  7:02  Zergling x6, Roach  
  80  7:03  Zergling x2  
  80  7:05  Zergling x2  
  80  7:08  Roach  
  89  7:14  Drone x3  
  89  7:15  Drone  
  93  7:24  Drone x5  
  98  7:37  Queen  
  98  7:39  Drone x4  
  98  7:44  Drone x3  
  107  7:46  Drone x2  
  109  7:52  Extractor  
  108  8:02  Overlord  
  107  8:07  Overlord  
  107  8:14  Overlord x2  
  107  8:15  Extractor  
Tags
 
Add a new tag
Caveats
  • Supply blocks, unpowered buildings, or Contaminate may cause inaccurate times.
  • Supply counts are checked every 10 seconds.